 Dungeon Crawl Stone Soup version 0.15-a0-672-g38fd0bf (console) character file.

302 Rage the Basher (level 6, 0/62 HPs)
             Began as an Ogre Fighter on May 8, 2014.
             Slain by an orc
             ... wielding a +2,+2 dagger
              (3 damage)
             ... on Level 5 of the Dungeon.
             The game lasted 00:07:18 (1474 turns).

Rage the Basher (Ogre Fighter)                      Turns: 1474, Time: 00:07:18

HP   0/62        AC  3     Str 22      XL: 6   Next: 37%
MP   6/6         EV 14     Int  7      God:
Gold 146         SH 18     Dex 16      Spells:  0 memorised,  5 levels left

rFire  . . .     SeeInvis .     a - +0,+1 flail
rCold  . . .     Clarity  .     n - +0 robe
rNeg   . . .     Conserve .     c - +0 shield
rPois  .         rCorr    .     (helmet restricted)
rElec  .         rRot     .     (no cloak)
SustAb . .       Spirit   .     (gloves unavailable)
rMut   .         Warding  .     (boots unavailable)
Saprov + . .     Stasis   .     (no amulet)
MR     .....                    (no ring)
                                (no ring)

@: agile, very slightly contaminated, not resistant to hostile enchantments,
unstealthy
A: unfitting armour, fast metabolism 1, saprovore 1, tough skin 1
a: no special abilities


You were on level 5 of the Dungeon.
You were not hungry.

You visited 1 branch of the dungeon, and saw 5 of its levels.

You collected 146 gold pieces.

Inventory:

Hand weapons
 a - a +0,+1 flail (weapon)
Armour
 b - a +0 robe
 c - a +0 shield (worn)
 n - a +0 robe (worn)
Magical devices
 e - a wand of teleportation (4)
Comestibles
 d - 4 meat rations
 g - 2 rotting chunks of gnoll flesh
 j - 2 apples
 l - a rotting chunk of orc flesh
 s - 3 chunks of worker ant flesh
Scrolls
 f - a scroll of enchant weapon II
 i - 3 scrolls of teleportation
 m - a scroll of fog {unknown}
 q - 4 scrolls of remove curse
 v - a scroll of enchant weapon I {unknown}
Potions
 p - a potion of haste
 t - a potion of magic


   Skills:
 - Level 4.0 Fighting
 + Level 8.6 Maces & Flails
 - Level 2.6 Dodging
 - Level 2.6 Shields


You had 5 spell levels left.
You didn't know any spells.

Dungeon Overview and Level Annotations

Branches:
Dungeon (5/15)
 Temple: D:4-7

Altars:
Yredelemnul


Innate Abilities, Weirdness & Mutations

You are too large for most types of armour.
You have a fast metabolism.
You can tolerate rotten meat.
You have tough skin (AC +1).


Message History

The adder misses you. You block the adder's attack.
You hit the adder.
You kill the adder!
You hit the orc.
The orc is lightly wounded.
The orc hits you with a dagger.
* * * LOW HITPOINT WARNING * * *
Your shield prevents you from hitting the orc.
The orc is lightly wounded.
You block the orc's attack.
You barely miss the orc.
The orc is lightly wounded.
You block the orc's attack.
You hit the orc.
The orc is lightly wounded.
The orc closely misses you.
You closely miss the orc.
The orc is lightly wounded.
The orc hits you with a dagger.
You die...

#.# #g#
#.# #Z#
#.# #.#
#.#
#.##
#.#@##
..###o#
#.#
#.##
...


oS# #.# #oo . #. #o . # You could see an orc, a big kobold zombie and a
hobgoblin.

Vanquished Creatures
  An ogre (D:5)
  4 worker ants
  Ijyb (D:4)
  3 adders
  2 gnolls (D:4)
  A worm (D:2)
  An iguana skeleton (D:4)
  2 orcs (D:4)
  2 giant cockroaches
  4 goblins
  3 hobgoblins
  5 jackals (D:1)
  An ooze (D:4)
  A ball python (D:1)
  4 bats
  A giant gecko (D:1)
  3 giant newts
  7 kobolds
  7 rats
53 creatures vanquished.

Notes
Turn   | Place    | Note
--------------------------------------------------------------
     0 | D:1      | Rage, the Ogre Fighter, began the quest for the Orb.
     0 | D:1      | Reached XP level 1. HP: 24/24 MP: 1/1
   157 | D:2      | Reached XP level 2. HP: 4/32 MP: 2/2
   172 | D:2      | Found a basalt altar of Yredelemnul.
   359 | D:2      | Reached XP level 3. HP: 10/39 MP: 3/3
   733 | D:2      | Reached skill level 5 in Maces & Flails
   965 | D:4      | Reached XP level 4. HP: 28/48 MP: 4/4
  1028 | D:4      | Reached skill level 6 in Maces & Flails
  1061 | D:4      | Noticed Ijyb
  1079 | D:4      | Killed Ijyb
  1087 | D:4      | Reached XP level 5. HP: 11/54 MP: 5/5
  1176 | D:4      | Reached skill level 7 in Maces & Flails
  1290 | D:4      | Noticed an ogre
  1303 | D:5      | Entered Level 5 of the Dungeon
  1352 | D:5      | Noticed an ogre
  1418 | D:5      | Killed an ogre
  1418 | D:5      | Reached skill level 8 in Maces & Flails
  1418 | D:5      | Reached XP level 6. HP: 11/62 MP: 6/6
  1425 | D:5      | HP: 3/62 [poisoned by a worker ant]
  1432 | D:5      | HP: 2/62 [poisoned by a worker ant]
  1437 | D:5      | HP: 2/62 [poisoned by a worker ant]
  1442 | D:5      | HP: 2/62 [poisoned by a worker ant]
  1448 | D:5      | HP: 1/62 [poisoned by a worker ant]
  1454 | D:5      | HP: 1/62 [poisoned by a worker ant]
  1470 | D:5      | HP: 3/62 [orc/dagger (1)]
  1474 | D:5      | Slain by an orc

Action                   |  1- 3 |  4- 6 || total
-------------------------+-------+-------++-------
Melee: Flail             |    98 |    97 ||   195
Evoke: Wand              |       |     1 ||     1
  Use: Potion            |       |    10 ||    10
       Scroll            |       |     6 ||     6
